 Dungeon Crawl Stone Soup version 0.29-a0-214-g17f627cfee (webtiles) character file.

Game seed: 18042103375787256407

78518 siradein the Fighter (level 15, -2/136 HPs)
             Began as a Ghoul Fighter on Feb 25, 2022.
             Was an Initiate of Yredelemnul.
             Killed by divine providence
             ... invoked by an orc priest
              (17 damage)
             ... on level 2 of the Orcish Mines.
             The game lasted 01:19:39 (28075 turns).

siradein the Fighter (Ghoul Fighter)               Turns: 28075, Time: 01:19:39

Health: -2/136     AC: 40    Str: 22    XL:     15   Next: 60%
Magic:  24/24      EV: 26    Int:  8    God:    Yredelemnul [......]
Gold:   2731       SH:  8    Dex: 22    Spells: 14/14 levels left

rFire   . . .      SeeInvis .   I - +3 long sword (venom)
rCold   + + .      Faith    .   c - +0 buckler
rNeg    + + +      Spirit   .   G - +15 plate armour "Guirchir" {*Corrode rPois MP-9 Dex+8}
rPois   ∞          Reflect  .   N - +3 hat of Pondering {ponderous, Will+ MP+10 Int+5}
rElec   .          Harm     .   H - +2 cloak {Will+}
rCorr   .          Rampage  .   (no gloves)
Will    +++..                   J - +2 pair of boots {Fly}
Stlth   ..........              p - amulet of the acrobat
HPRegen 0.00/turn               h - +4 ring of slaying
MPRegen 0.19/turn               R - ring "Teuhem" {Fly rPois rC+ Stlth+}

@: acrobatic, flying, inhibited regen, slow
A: claws 1, cold resistance 1, negative energy resistance 3, inhibited
regeneration, torment resistance 2
a: Renounce Religion, Recall Undead Harvest


You were on level 2 of the Orcish Mines.
You worshipped Yredelemnul.
Yredelemnul was pleased with you.
You visited 4 branches of the dungeon, and saw 21 of its levels.
You also visited: Sewer and Volcano.

You collected 2971 gold pieces.
You spent 240 gold pieces at shops.

Inventory:

Hand Weapons
 n - a +2 scimitar of flaming
 v - a +2 dagger of draining
 I - a +3 long sword of venom (weapon)
Missiles
 e - 5 curare-tipped darts
 i - 25 boomerangs
 L - 20 poisoned darts
 O - 2 throwing nets
Armour
 c - a +0 buckler (worn)
 G - the +15 plate armour "Guirchir" (worn) {*Corrode rPois MP-9 Dex+8}
   (You found it on level 8 of the Dungeon)

   Dex:       It affects your dexterity (+8).
   rPois:     It protects you from poison.
   MP:        It affects your magic capacity (-9).
   *Corrode:  It may corrode you when you take damage.
 H - a +2 cloak of willpower (worn)
 J - a +2 pair of boots of flying (worn)
 N - the +3 hat of Pondering (worn) {ponderous, Will+ MP+10 Int+5}
   (You took it off Gastronok on level 1 of the Lair of Beasts)

   Int:       It affects your intelligence (+5).
   MP:        It affects your magic capacity (+10).
   Will:      It increases your willpower.
Jewellery
 h - a +4 ring of slaying (left claw)
 l - a ring of wizardry
 p - an amulet of the acrobat (around neck)
 C - a ring of willpower
 F - a ring of fire
 K - a +6 ring of intelligence
 R - the ring "Teuhem" (right claw) {Fly rPois rC+ Stlth+}
   (You took it off a deep elf pyromancer on level 12 of the Dungeon)

   [ring of flight]

   rC:        It protects you from cold.
   rPois:     It protects you from poison.
   Fly:       It grants you flight.
   Stlth:     It makes you more stealthy.
 T - a ring of protection from cold
 V - a ring of willpower
 Y - an amulet of magic regeneration
Wands
 z - a wand of paralysis (5)
 D - a wand of acid (8)
 E - a wand of iceblast (25)
 M - a wand of flame (25)
 P - a wand of digging (5)
 S - a wand of mindburst (5)
 X - a wand of polymorph (2)
Scrolls
 d - a scroll of fear
 f - 2 scrolls of identify
 g - 2 scrolls of enchant weapon
 j - 5 scrolls of blinking
 o - 3 scrolls of amnesia
 q - a scroll of brand weapon
 r - 2 scrolls of fog
 s - 4 scrolls of magic mapping
 t - 3 scrolls of enchant armour
 w - 11 scrolls of teleportation
 y - a scroll of immolation
 B - a scroll of silence
 Q - a scroll of summoning
Potions
 a - 2 potions of heal wounds
 b - 3 potions of brilliance
 k - 3 potions of haste
 m - 2 potions of invisibility
 u - 4 potions of cancellation {unknown}
 x - 5 potions of attraction
 A - 5 potions of curing
 U - a potion of resistance
 W - a potion of might
Miscellaneous
 Z - a tin of tremorstones (2/2)


   Skills:
 + Level 13.3 Fighting
 + Level 11.1 Long Blades
 + Level 11.4 Armour
 + Level 8.1 Dodging
 + Level 11.2 Shields
 + Level 12.3 Invocations
 + Level 2.6 Evocations


You had 14 spell levels left.
You didn't know any spells.
Your spell library contained the following spells:

 Spells                   Type           Power      Damage    Failure   Level
 Magic Dart               Conj           0%         1d3       100%        1
 Sting                    Tmut/Pois      0%         1d3       100%        1
 Poisonous Vapours        Pois/Air       0%         N/A       100%        2
 Searing Ray              Conj           0%         2d4       100%        2
 Frozen Ramparts          Ice            0%         1d2       100%        3
 Ignite Poison            Fire/Tmut/Pois 0%         N/A       100%        3
 Mephitic Cloud           Conj/Pois/Air  0%         N/A       100%        3
 Ozocubu's Armour         Ice            0%         N/A       100%        3
 Stone Arrow              Conj/Erth      0%         3d7       100%        3
 Cause Fear               Hex            0%         N/A       100%        4
 Fulminant Prism          Conj/Hex       0%         3d6       100%        4
 Olgreb's Toxic Radiance  Pois           0%         N/A       100%        4
 Iskenderun's Battlesphe  Conj           0%         2d6       100%        5
 Metabolic Englaciation   Hex/Ice        0%         N/A       100%        5
 Iron Shot                Conj/Erth      0%         9d1       100%        6
 Simulacrum               Ice/Necr       0%         N/A       100%        6
 Ozocubu's Refrigeration  Ice            0%         4d5       100%        7
 Spellforged Servitor     Conj/Summ      0%         N/A       100%        7
 Ignition                 Fire           0%         3d3       100%        8
 Dragon's Call            Summ           0%         N/A       100%        9
 Blade Hands              Tmut           Unusable   N/A       N/A         5
 Dragon Form              Tmut           Unusable   N/A       N/A         7
 Necromutation            Tmut/Necr      Unusable   N/A       N/A         8

Dungeon Overview and Level Annotations

Branches:
Dungeon (12/15)            Temple (1/1) D:4            Lair (6/6) D:8
  Swamp (0/4) Lair:2       Spider (0/4) Lair:2        Slime (0/5) Lair:6
    Orc (2/2) D:10            Elf (0/3) Orc:2         Sewer (visited)
Volcano (visited)

Altars:
Ashenzari
Cheibriados
Dithmenos
Elyvilon
Fedhas
Gozag
Hepliaklqana
Kikubaaqudgha
Makhleb
Nemelex Xobeh
Okawaru
Qazlal
Ru
Sif Muna
Trog
Uskayaw
Vehumet
Wu Jian
Xom
Yredelemnul
Zin
The Shining One
Beogh

Shops:
D:7 [   D:9 *   Orc:2 [


Innate Abilities, Weirdness & Mutations

You thrive by killing the living.
You are immune to poison.
You have sharp fingernails.
Your flesh is cold resistant. (rC+)
You are immune to negative energy. (rN+++)
You do not regenerate when monsters are visible.
You are immune to unholy pain and torment.


Message History

* * * LOW HITPOINT WARNING * * *
The orc priest moves out of view.
An orc warrior comes into view.
It is wielding a +0 broad axe and quivering boomerangs of dispersal.
Things that are here:
a +0 whip; a +0 short sword; a +0 leather armour The orc priest hits you but does no damage.
An orc priest comes into view. It is wielding a +0 club.
The orc priest hits your ogre zombie with a +0 falchion!
Your ogre zombie is destroyed!
Your orc priest zombie hits the orc warrior but does no damage.
The orc priest begins to cast a cantrip, but forgets the words!
An orc wizard comes into view. It is wielding a +0 dagger.
The orc priest looks braver for a moment.
The orc priest mumbles some strange prayers to Beogh against you.
Beogh smites you!
* * * LOW HITPOINT WARNING * * *
The orc high priest mumbles some strange prayers to Beogh.
The orc priest looks satisfied for a moment.
Your orc priest zombie closely misses something.
The orc wizard misses you.
The orc priest hits you but does no damage.
The soul eater hits your orc priest zombie!
Your orc priest zombie is destroyed!
The orc priest invokes the aid of Beogh against you.
Beogh smites you!
* * * LOW HITPOINT WARNING * * *
You are no longer corroded.
The orc priest calls upon Beogh to heal the orc warrior.
The orc warrior is healed somewhat.
The orc high priest calls upon Beogh to heal the orc warrior.
The orc warrior is healed somewhat.
The sentinel's mark upon you fades away.
The orc priest calls upon Beogh to heal something.
The orc high priest calls upon Beogh to heal something.
The orc priest calls upon Beogh to heal the orc warrior.
The orc warrior is healed somewhat.
The orc priest mumbles some strange prayers to Beogh against you.
Beogh smites you!
You die...
Yredelemnul claims you as an undead slave.

..### ## ##.oo.o4........ .## .#
#ooo.oo......... ..# ##.# #
##oooo3......... .## ###....#.#
##ooo4..o........
#####.##.....####.#.#.....#......
..##..........##.oo##..........#.
...#.........####o.#....#.....#
..............###........#.##
.......###......@..#.#..####
.......####.........#####
...#....####.......##
...##...#.....#.....#
..##.........#####.##
#####.#.......# ## # ####.....##
# ##.##.# #.#####


You could see an orc high priest, an orc sorcerer, 2 orc warriors, 4 orc
priests, an orc wizard and an orc.

Vanquished Creatures
  Harold (D:8)
  A catoblepas (Lair:6)
  A death knight (D:12)
  3 boulder beetles
  An ogre mage (D:12)
  3 hydras
  A dancing weapon (Volcano)
  6 two-headed ogres
  9 death yaks
  An orc high priest (Orc:1)
  Sonja (D:12)
  Nergalle (Lair:3)
  A bog body (Lair:2)
  5 wizards (Volcano)
  2 orc knights
  A deep elf pyromancer (D:12)
  A cyclops (D:12)
  An orc sorcerer (Orc:1)
  5 toenail golems (Volcano)
  2 black mambas
  6 elephants
  Maurice (D:9)
  An unseen horror (D:12)
  7 cane toads
  A freezing wraith (D:11)
  A rime drake (Lair:6)
  7 komodo dragons
  A yaktaur (D:12)
  2 polar bears (Lair:6)
  A burning bush (Lair:2)
  8 trolls
  7 blink frogs
  3 dream sheep (Lair:4)
  22 yaks
  A wraith (D:9)
  3 wyverns
  A steam dragon (D:9)
  2 vampire mosquitoes (D:11)
  A redback (D:12)
  4 wargs
  A water moccasin (Lair:1)
  A two-headed ogre zombie (D:10)
  3 acid dragons
  10 orc warriors
  A sky beast (D:8)
  An ice beast (D:7)
  5 black bears
  9 wolves
  7 ogres
  3 centaurs
  3 phantoms (D:10)
  A kobold brigand (D:8)
  Blork the orc (D:6)
  2 wyvern zombies (D:7)
  A gnoll sergeant (D:7)
  8 bullfrogs
  2 scorpions (D:6)
  A water moccasin skeleton (D:6)
  4 wights
  3 electric eels
  A howler monkey (D:9)
  2 bullfrog zombies (D:6)
  3 centaur zombies
  A bullfrog skeleton (D:6)
  2 jellies
  22 orc priests
  A hound (D:4)
  A gnoll shaman (D:9)
  Natasha (thrice) (D:3)
  4 iguanas
  12 orc wizards
  3 hell rats (Lair:3)
  7 ogre zombies (D:10)
  A howler monkey zombie (D:10)
  Robin (D:3)
  9 adders
  10 gnolls
  6 river rats
  5 worms
  2 dart slugs (D:1)
  33 orcs
  10 ball pythons
  13 endoplasms
  9 giant cockroaches
  20 goblins
  13 hobgoblins
  11 jackals
  4 quokkas
  8 bats
  4 frilled lizards
  A goblin skeleton (D:10)
  4 goblin zombies (D:10)
  A hobgoblin skeleton (D:10)
  A hobgoblin zombie (D:10)
  12 kobolds
  18 orc zombies (D:10)
  9 rats
461 creatures vanquished.

Vanquished Creatures (collateral kills)
  Gastronok (Lair:1)
  Kirke (D:12)
  Nessos (Lair:4)
  A great orb of eyes (D:12)
  Fannar (Lair:1)
  A hydra (Lair:4)
  4 two-headed ogres
  12 death yaks
  A bog body (Lair:2)
  Lodul (D:12)
  Pikel (D:5)
  A lindwurm (Lair:6)
  A manticore (D:11)
  A cyclops (D:12)
  13 elephants
  2 black mambas
  5 cane toads
  An efreet (D:12)
  An unseen horror (D:12)
  3 komodo dragons
  3 rime drakes
  A troll (D:6)
  A burning bush (Lair:2)
  5 blink frogs
  3 dream sheep (Lair:4)
  A wraith (D:12)
  A hog (D:12)
  11 yaks
  A basilisk (D:12)
  3 swamp worms (Lair:2)
  2 water moccasins
  An acid dragon (D:12)
  An orc warrior (Orc:1)
  A black bear (Lair:5)
  4 ogres
  8 wolves
  A lemure (D:5)
  2 bullfrogs (Lair:4)
  A howler monkey (D:9)
  4 jellies
  A bullfrog skeleton (D:5)
  Crazy Yiuf (D:6)
  A gnoll shaman (D:5)
  4 orc priests
  An orc wizard (D:11)
  4 hell rats (Lair:3)
  3 gnolls (D:5)
  9 orcs
  An endoplasm (Lair:6)
  2 kobolds
  A bush (Lair:5)
  A butterfly (Lair:2)
137 creatures vanquished.

Vanquished Creatures (others)
  A spectral hydra (Lair:6)
  A spectral deep troll (D:12)
  An unseen horror (D:12)
  A rime drake (Lair:6)
  2 death yak zombies (Lair:6)
  A redback zombie (D:12)
  2 boulder beetle zombies (D:12)
  2 black mamba zombies
  6 humans (D:12)
  2 two-headed ogre zombies
  A human zombie (D:12)
  A water moccasin (Lair:6)
  A cane toad zombie (Lair:4)
  2 blink frog zombies (Lair:6)
  5 elephant zombies
  An elf zombie (D:12)
  A dream sheep zombie (Lair:4)
  An ogre (D:12)
  A hog zombie (D:12)
  2 komodo dragon zombies
  2 rime drake zombies (Lair:6)
  A vampire mosquito zombie (D:11)
  A wyvern zombie (D:11)
  3 water moccasin zombies
  2 warg zombies
  3 troll zombies
  4 yak zombies
  5 wolf zombies
  2 bullfrog zombies
  A basilisk zombie (D:12)
  An acid dragon zombie (D:12)
  3 ogre zombies
  3 spectral jellies
  A hell rat zombie (Lair:3)
  An iguana zombie (D:5)
  4 gnoll zombies
  3 kobold zombies
  17 orc zombies
  A spectral endoplasm (Lair:6)
  65 fungi
  74 plants
232 creatures vanquished.

Grand Total: 830 creatures vanquished

Notes
Turn   | Place    | Note
-------+----------+-------------------------------------------
     0 | D:1      | siradein the Ghoul Fighter began the quest for the Orb.
     0 | D:1      | Reached XP level 1. HP: 19/19 MP: 0/0
   171 | D:1      | Reached XP level 2. HP: 21/26 MP: 1/1
   453 | D:1      | Reached XP level 3. HP: 17/31 MP: 2/2
  1524 | D:2      | Reached XP level 4. HP: 40/40 MP: 3/3
  1878 | D:2      | Reached skill level 4 in Fighting
  2117 | D:3      | Noticed Natasha
  2121 | D:3      | Killed Natasha
  2122 | D:3      | Reached XP level 5. HP: 38/46 MP: 4/4
  2140 | D:3      | Noticed Natasha
  2226 | D:3      | Found a glowing drain.
  2235 | Sewer    | Entered a sewer
  2709 | Sewer    | Reached XP level 6. HP: 43/53 MP: 5/5
  3507 | D:3      | Noticed Robin
  3566 | D:3      | Killed Robin
  3722 | D:3      | Killed Natasha
  3770 | D:3      | Noticed Natasha
  3782 | D:3      | Killed Natasha
  4260 | D:4      | Reached skill level 5 in Fighting
  4515 | D:4      | Found a staircase to the Ecumenical Temple.
  4619 | D:4      | Noticed a black bear
  4657 | Temple   | Entered the Ecumenical Temple
  4955 | Temple   | Became a worshipper of Yredelemnul the Dark
  5033 | D:4      | Killed a black bear
  5034 | D:4      | Reached XP level 7. HP: 42/61 MP: 6/6
  5164 | D:4      | Reached * piety under Yredelemnul
  5313 | D:4      | Found a hazy altar of Hepliaklqana.
  5348 | D:5      | Entered Level 5 of the Dungeon
  5348 | D:5      | Noticed Pikel
  5394 | D:5      | Noticed a yak
  5394 | D:5      | Noticed a yak
  5394 | D:5      | Noticed a yak
  5394 | D:5      | Noticed a yak
  5394 | D:5      | Noticed a yak
  5416 | D:4      | Killed a yak
  5417 | D:4      | Reached skill level 1 in Invocations
  5769 | D:5      | Killed a yak
  6035 | D:4      | Killed a yak
  6036 | D:4      | Reached XP level 8. HP: 36/70 MP: 8/8
  6200 | D:5      | Killed a yak
  6201 | D:5      | Reached skill level 6 in Fighting
  6201 | D:5      | Reached skill level 5 in Armour
  6309 | D:5      | Reached skill level 5 in Shields
  6370 | D:5      | Reached ** piety under Yredelemnul
  6910 | D:5      | Noticed a two-headed ogre
  6921 | D:5      | Killed a two-headed ogre
  6922 | D:5      | Reached skill level 5 in Long Blades
  6922 | D:5      | Reached XP level 9. HP: 54/78 MP: 3/11
  7117 | D:5      | Killed Pikel
  7118 | D:5      | Reached skill level 7 in Fighting
  7731 | D:6      | You fall into a shaft and drop 2 floors!
  7759 | D:8      | Reached skill level 5 in Invocations
  7999 | D:7      | Found Mikeduunob's Antique Armour Shop.
  8159 | D:6      | Reached XP level 10. HP: 86/88 MP: 13/13
  8522 | D:6      | Found a runed translucent door.
  8523 | D:6      | Noticed Crazy Yiuf
  8884 | D:6      | Found a bloodstained altar of Trog.
  8917 | D:6      | Reached skill level 8 in Fighting
  9038 | D:6      | Noticed Blork the orc
  9048 | D:6      | Killed Blork the orc
  9365 | D:6      | Killed Crazy Yiuf
  9513 | D:7      | Bought a pair of glowing boots for 240 gold pieces
 10069 | D:7      | Noticed a +0 spear
 10070 | D:7      | Noticed a +0 short sword
 10071 | D:7      | Noticed a +0 dagger
 10071 | D:7      | Noticed a +0 dagger
 10071 | D:7      | Noticed a +0 spear
 10071 | D:7      | Noticed a +0 short sword
 10072 | D:7      | Noticed a +0 falchion
 10072 | D:7      | Noticed a +0 falchion
 10122 | D:7      | Found a hide-covered altar of Uskayaw.
 10502 | D:8      | Identified the +15 plate armour "Guirchir" {*Corrode rPois
                  | MP-9 Dex+8}
 10619 | D:8      | Found a staircase to the Lair.
 10795 | D:8      | Noticed Harold
 10815 | D:8      | Killed Harold
 11370 | D:9      | Noticed a two-headed ogre
 11381 | D:9      | Killed a two-headed ogre
 11684 | D:9      | Reached XP level 11. HP: 85/95 MP: 6/15
 11729 | D:9      | Found Halonami's Assorted Antiques.
 11903 | D:9      | Noticed Maurice
 11919 | D:9      | Killed Maurice
 11920 | D:9      | Reached skill level 9 in Fighting
 12374 | D:10     | Entered Level 10 of the Dungeon
 13264 | D:10     | Found a shimmering altar of Xom.
 13277 | D:10     | Got the Papyrus of the Mutagenic Mountains
 13492 | D:10     | Identified the +6 war axe "Lipyicw" {drain, rF++ Will-
                  | Str+2 SInv}
 13635 | D:10     | Found a staircase to the Orcish Mines.
 14097 | D:10     | Found an ancient bone altar of Kikubaaqudgha.
 14235 | D:11     | Reached skill level 1 in Dodging
 14623 | D:11     | Noticed a manticore
 14633 | D:11     | Killed a manticore
 14764 | D:11     | Noticed a boulder beetle
 14784 | D:11     | Killed a boulder beetle
 15205 | D:11     | Noticed an orc knight
 16288 | D:11     | Noticed a two-headed ogre
 16299 | D:11     | Killed a two-headed ogre
 16525 | D:11     | Killed an orc knight
 16526 | D:11     | Reached skill level 10 in Fighting
 17161 | Lair:1   | Entered Level 1 of the Lair of Beasts
 17171 | Lair:1   | Reached XP level 12. HP: 81/106 MP: 8/17
 17528 | Lair:1   | Noticed Gastronok
 17543 | Lair:1   | Killed Gastronok
 17719 | Lair:1   | Reached *** piety under Yredelemnul
 17904 | Lair:1   | Noticed Fannar
 17939 | Lair:1   | Killed Fannar
 18544 | Lair:2   | Reached **** piety under Yredelemnul
 18612 | Lair:2   | Found a staircase to the Swamp.
 18622 | Lair:2   | Reached ***** piety under Yredelemnul
 18890 | Lair:2   | Reached ****** piety under Yredelemnul
 18992 | Lair:2   | Found a hole to the Spider Nest.
 19222 | Lair:2   | Noticed a seven-headed hydra
 19230 | Lair:2   | Killed a seven-headed hydra
 19230 | Lair:2   | Enslaved a seven-headed hydra
 20116 | Lair:3   | Noticed Nergalle
 20123 | Lair:3   | Killed Nergalle
 20124 | Lair:3   | Reached skill level 11 in Fighting
 20124 | Lair:3   | Reached XP level 13. HP: 116/116 MP: 14/19
 20633 | Lair:4   | Reached skill level 5 in Dodging
 20772 | Lair:4   | Noticed Nessos
 20780 | Lair:4   | Reached skill level 10 in Invocations
 20786 | Lair:4   | Killed Nessos
 21875 | Lair:5   | Reached skill level 10 in Armour
 22023 | Lair:5   | Reached skill level 10 in Shields
 22029 | Lair:5   | Reached XP level 14. HP: 113/125 MP: 12/21
 22031 | Lair:5   | Reached skill level 12 in Fighting
 22105 | Lair:5   | Reached skill level 10 in Long Blades
 22830 | Lair:6   | Entered Level 6 of the Lair of Beasts
 23436 | Lair:6   | Got the Papyrus of Cold and Toxins
 23437 | Lair:6   | Identified the +2 glaive "Cowul" {chaos, Will+ SInv}
 23439 | Lair:6   | Identified the +1 robe "Georeenn" {+Blink rF++ rN+ Str-5}
 23794 | Lair:6   | Found a staircase to the Slime Pits.
 24554 | D:12     | Noticed Kirke
 24556 | D:12     | Noticed Lodul
 24564 | D:12     | Killed Kirke
 24568 | D:12     | Noticed Sonja
 24592 | D:12     | Killed Lodul
 24992 | D:12     | Killed Sonja
 24993 | D:12     | Reached XP level 15. HP: 133/134 MP: 22/22
 25058 | D:12     | Your ally Sonja died
 25415 | D:12     | Identified the ring "Teuhem" {Fly rPois rC+ Stlth+}
 25562 | D:12     | Reached skill level 13 in Fighting
 25562 | D:12     | Reached skill level 1 in Evocations
 25714 | D:12     | Identified the +8 mace "Naroer" {protect, Int+5}
 25714 | D:12     | Identified the ring "Toti" {rPois rF++ Will+ Dex+3}
 26126 | Orc:1    | Entered Level 1 of the Orcish Mines
 26247 | Orc:1    | Found a dark tunnel.
 26517 | Volcano  | Entered a volcano
 27593 | Orc:2    | Entered Level 2 of the Orcish Mines
 27706 | Orc:2    | Found a staircase to the Elven Halls.
 27852 | Orc:2    | Found Jecreef's Armour Shoppe.
 28075 | Orc:2    | Killed from afar by an orc priest

Illustrated notes

Levels and vault maps discovered:
D:1:      scummos_arrival_forest, layout_loops_cross, minmay_tiny_reverse_x
D:2:      layout_basic, minmay_misc_feat_x, kennysheep_generic_room_3
D:3:      layout_rooms, portal_sewer_entry_e, uniq_natasha, uniq_robin
D:4:      layout_loops_ring, mainiacjoe_overflow_alcove_4,
          minmay_temple_entry_glass, bh_walls_and_bars
D:5:      layout_basic, uniq_pikel
D:6:      layout_loops_ring, mainiacjoe_overflow_big_doors,
          nicolae_elevator_lobby_plus, uniq_blork_the_orc,
          uniq_crazy_yiuf_cottage
D:7:      layout_rooms, nicolae_uskayaw_en_pointe, serial_shops, shop,
          david_defended_altar_orc
D:8:      layout_loops_corners, dpeg_oklobed_lair, enter_bailey_5,
          lemuel_flame_loot_1, uniq_harold
D:9:      layout_long_grid, serial_shops, shop, uniq_maurice
D:10:     layout_long_grid, kennysheep_little_box, amcnicky_altar_gilded,
          zombieorc2_lemuel, serial_glass, glass_columns_b, glass_columns_a,
          solitary_fountain, hangedman_abyss_or_decor_stabs
D:11:     minmay_distorted_concentric_squares, layout_cave_pods
D:12:     minmay_the_grid_square_5x5_5x5_mashed
          [minmay_the_grid_square_5x5_lines, minmay_the_grid_square_5x5_c,
          minmay_the_grid_square_5x5_minibox, minmay_the_grid_square_5x5_meh,
          minmay_the_grid_square_5x5_spiral,
          minmay_the_grid_square_5x5_three_small,
          minmay_the_grid_square_5x5_prize_itemx,
          minmay_the_grid_square_5x5_spiral_small,
          minmay_the_grid_square_5x5_prize_open,
          minmay_the_grid_square_5x5_bridge, minmay_the_grid_square_5x5_slash,
          minmay_the_grid_square_5x5_eight_small,
          minmay_the_grid_square_5x5_prize_deathbox,
          minmay_the_grid_square_5x5_two, minmay_the_grid_square_5x5_inset,
          minmay_the_grid_square_5x5_mess,
          minmay_the_grid_square_5x5_prize_snowflake,
          minmay_the_grid_square_5x5_gyroscope,
          minmay_the_grid_square_5x5_prize_pseudospiral,
          minmay_the_grid_square_5x5_trominoes,
          minmay_the_grid_square_5x5_three_walls,
          minmay_the_grid_square_5x5_two_walls_b,
          minmay_the_grid_square_5x5_minimal,
          minmay_the_grid_square_5x5_shrine1, minmay_the_grid_square_5x5_v],
          layout_basic, uniq_lodul, uniq_sonja, uniq_kirke
Temple:   minmay_temple_bridge_d
Lair:1:   layout_long_grid, serial_bayou_shore_a, uniq_gastronok, uniq_fannar
Lair:2:   layout_small_grid, nicolae_swamp_entry_splash_gauntlet,
          spider_nest_entry_web_field, evilmike_ambush
          [evilmike_ambush_outer_basic, evilmike_ambush_inner_basic],
          lemuel_fruit_fields
Lair:3:   layout_cellular_growth, uniq_nergalle
Lair:4:   layout_regular_city, uniq_nessos
Lair:5:   layout_layer_cave
Lair:6:   grunt_lair_end_beastmaster, layout_regular_city,
          nicolae_slime_entry_slimehenge, grunt_megastairs_5
Orc:1:    layout_caves, nicolae_volcano_entry_lava_flow
Orc:2:    st_orc_mages, layout_diamond_mine, serial_shops,
          nicolae_lakefront_shop

Skill      XL: |  1  2  3  4  5  6  7  8  9 10 11 12 13 14 15 |
---------------+----------------------------------------------+-----
Long Blades    | 2 3 4 5 6 7 8 9 10 11 | 11.1
Armour         | 3 4 5 6 7 8 9 10 11 | 11.4
Shields        | 3 4 5 6 7 8 9 10 11 | 11.2
Fighting       | 4 5 6 7 8 10 11 12 13 | 13.3
Invocations    | 2 4 5 7 8 9 10 11 12 | 12.3
Dodging        | 2 4 6 7 8 |  8.1
Evocations     | 2 |  2.6

Action                   |  1- 3 |  4- 6 |  7- 9 | 10-12 | 13-15 || total
-------------------------+-------+-------+-------+-------+-------++-------
Melee: Long sword        |   136 |   329 |   104 |   759 |   447 ||  1775
       Great sword       |       |       |    58 |       |       ||    58
       Dagger            |       |       |       |     3 |    26 ||    29
       Scimitar          |       |       |       |       |   253 ||   253
Throw: Dart              |       |       |       |    17 |       ||    17
       Throwing net      |       |       |       |     2 |       ||     2
Invok: Recall Undead Har |       |       |     4 |    13 |     7 ||    24
       Dark Bargain      |       |       |     1 |     2 |     3 ||     6
       Bind Soul         |       |       |       |     1 |     1 ||     2
       Drain Life        |       |       |       |       |     3 ||     3
  Use: Potion            |       |     2 |       |     1 |       ||     3
       Scroll            |       |       |     5 |     9 |    12 ||    26
 Stab: Distracted        |       |       |       |     9 |    14 ||    23
Armor: Chain mail        |    76 |   241 |    95 |    74 |       ||   486
       Scale mail        |     1 |       |       |       |       ||     1
       Plate armour      |       |       |       |   520 |   575 ||  1095
Dodge: Dodged            |    52 |   157 |    76 |   218 |   392 ||   895
Block: Buckler           |    33 |    87 |    31 |   267 |   326 ||   744

Table legend: (Time is in decaauts)
 A = Elapsed time spent in this place.
 B = Non-inter-level travel time spent in this place.
 C = Inter-level travel time spent in this place.
 D = Time resting spent in this place.
 E = Time spent auto-exploring this place.
 F = Levels seen in this place.
 G = Mean time per level.
                   A        B        C        D        E       F      G
               +--------+--------+--------+--------+--------+-----+--------+
         Total |  29017 |  28083 |    934 |   3178 |  19460 |  23 | 1261.6 |
       Dungeon |  17534 |  17037 |    497 |   2711 |  10858 |  12 | 1461.2 |
        Temple |    369 |    298 |     71 |      0 |    213 |   1 |  369.0 |
          Lair |   7634 |   7294 |    340 |    346 |   5968 |   6 | 1272.3 |
  Orcish Mines |   1521 |   1497 |     24 |      0 |   1249 |   2 |  760.5 |
         Sewer |   1439 |   1439 |      0 |    121 |    863 |   1 | 1439.0 |
       Volcano |    518 |    518 |      0 |      0 |    308 |   1 |  518.0 |
               +--------+--------+--------+--------+--------+-----+--------+

Top non-repeatable levels by time:
    D:11: 2851 daAuts
    D:10: 2031 daAuts
     D:8: 1983 daAuts
     D:5: 1728 daAuts
     D:4: 1573 daAuts
  Lair:6: 1499 daAuts
     D:6: 1456 daAuts
   Sewer: 1439 daAuts
  Lair:1: 1362 daAuts
  Lair:5: 1324 daAuts
  Lair:2: 1222 daAuts
  Lair:4: 1117 daAuts
  Lair:3: 1108 daAuts
     D:1: 1096 daAuts
     D:9: 1046 daAuts
